Map: Акрополь РВ

Players

Murena

  • Race: Protoss Protoss
  • Spawn Location: 11:00

ИИ 1 (эксперт) - Winner!

  • Race: Terran Terran
  • Spawn Location: 5:00

VOD

Have the link to the VOD?

Description

Time

  • Played on: Aug. 16, 2019, 7:51 p.m.
  • Length: 14:04
Show
View Real Time Build Order
Export as new Build Order

Murena Protoss 

Build Orders:  

Get SALT Encoding   

  1  0:00  Probe  
  12  0:05  Probe  
  14  0:17  Probe  
  15  0:21  Pylon  
  15  0:39  Probe  
  15  0:40  Gateway  
  16  0:51  Probe  
  16  0:54  Gateway  
  17  1:04  Pylon  
  17  1:05  Probe  
  17  1:09  Assimilator  
  18  1:13  Probe  
  19  1:21  Probe  
  20  1:27  Zealot  
  20  1:30  Cybernetics Core  
  22  1:36  Probe  
  23  1:41  Zealot  
  25  1:50  Probe  
  25  1:52  Pylon  
  26  1:55  Zealot  
  28  2:05  Assimilator  
  28  2:07  Warp Gate  
  28  2:10  Zealot, Probe  
  31  2:27  Probe  
  32  2:32  Zealot  
  34  2:40  Twilight Council  
  34  2:43  Stalker  
  36  2:44  Probe  
  37  2:57  Probe  
  38  3:06  Pylon  
  38  3:17  Nexus  
  38  3:28  Probe  
  38  3:32  Stalker  
  41  3:35  Stalker  
  41  3:36  Probe  
  44  3:43  Charge  
  44  3:54  Probe  
  44  3:55  Pylon  
  45  4:03  Stargate  
  45  4:06  Probe  
  46  4:17  Pylon  
  46  4:18  Probe  
  46  4:23  Forge  
  47  4:25  Probe  
  47  4:30  Probe  
  49  4:34  Probe  
  49  4:35  Pylon  
  50  4:41  Sentry x2  
  50  4:44  Void Ray  
  54  4:58  Probe x2  
  60  5:06  Zealot  
  62  5:09  Protoss Ground Weapons Level 1  
  62  5:10  Probe x2  
  64  5:22  Probe  
  64  5:26  Assimilator  
  64  5:28  Assimilator  
  65  5:33  Probe, Void Ray  
  65  5:34  Shield Battery x2  
  66  5:35  Shield Battery  
  66  5:49  Zealot x2  
  74  5:57  Probe x2  
  76  6:07  Robotics Facility  
  76  6:09  Probe  
  77  6:13  Stalker  
  77  6:14  Stalker  
  81  6:19  Probe  
  81  6:20  Pylon  
  81  6:21  Probe  
  83  6:28  Pylon  
  83  6:29  Pylon  
  83  6:37  Nexus  
  83  6:43  Zealot x2  
  87  6:54  Immortal  
  87  6:57  Pylon  
  87  7:00  Pylon  
  91  7:12  Robotics Facility x2  
  91  7:13  Probe x2  
  93  7:17  Zealot  
  95  7:25  Probe  
  76  7:37  Stalker  
  76  7:40  Void Ray  
  64  7:48  Stalker  
  62  7:51  Immortal  
  62  7:55  Gateway x2  
  62  7:57  Gateway  
  62  7:58  Probe x2  
  64  8:02  Protoss Ground Weapons Level 2  
  68  8:10  Stalker  
  70  8:19  Forge  
  70  8:21  Forge  
  70  8:22  Zealot  
  72  8:28  Void Ray  
  72  8:30  Probe  
  77  8:34  Shield Battery  
  77  8:36  Probe  
  77  8:37  Probe  
  79  8:42  Probe  
  79  8:44  Stalker  
  79  8:47  Zealot  
  84  8:54  Immortal  
  88  8:56  Probe  
  88  8:57  Probe  
  84  9:04  Zealot  
  84  9:05  Zealot  
  76  9:16  Stalker  
  76  9:17  Stalker x2  
  67  9:19  Photon Cannon  
  64  9:26  Stalker  
  54  9:45  Zealot x2  
  44  9:46  Zealot  
  31  10:18  Probe x2  
  33  10:31  Sentry x3  
  33  10:32  Sentry  
  33  10:34  Probe  
  42  10:37  Probe  
  42  10:41  Sentry  
  45  10:46  Probe, Void Ray  
  50  11:02  Sentry x2  
  54  11:05  Probe  
  55  11:12  Photon Cannon  
  55  11:16  Probe  
  55  11:17  Probe  
  57  11:24  Zealot  
  59  11:28  Stalker  
  61  11:35  Shield Battery  
  61  11:42  Shield Battery  
  61  11:43  Probe  
  61  11:44  Probe  
  63  11:50  Zealot  
  63  11:52  Protoss Ground Armor Level 1, Sentry  
  67  11:55  Probe  
  67  11:58  Stalker  
  70  12:06  Probe  
  70  12:07  Probe  
  72  12:11  Stalker  
  74  12:16  Zealot  
  74  12:20  Zealot  
  74  12:21  Probe  
  79  12:23  Probe  
  80  12:33  Probe  
  80  12:34  Sentry  
  80  12:36  Stalker  
  85  12:39  Stalker  
  87  12:47  Immortal  
  91  13:01  Immortal  
  94  13:28  Zealot  
  94  13:29  Zealot x3  
  65  13:42  Zealot  
Show
View Real Time Build Order
Export as new Build Order

ИИ 1 (эксперт) Terran - Winner!

Build Orders:  

Get SALT Encoding   

  12  0:00  SCV  
  13  0:13  SCV  
  14  0:17  Supply Depot  
  14  0:25  SCV  
  15  0:39  SCV  
  16  0:51  SCV  
  16  0:54  Refinery  
  16  0:56  Barracks  
  17  1:03  SCV  
  18  1:15  SCV  
  19  1:28  Command Center  
  19  1:37  Supply Depot  
  19  1:39  SCV  
  20  1:43  Marine  
  21  1:58  Factory  
  21  2:10  Barracks  
  21  2:12  SCV  
  22  2:15  Marine  
  23  2:24  SCV  
  23  2:29  Supply Depot  
  24  2:35  Marine  
  24  2:36  SCV  
  26  2:42  SCV  
  26  2:43  Factory Tech Lab  
  27  2:53  Marine  
  28  2:59  Orbital Command  
  28  3:05  Refinery  
  28  3:11  Orbital Command  
  28  3:14  Marine  
  28  3:19  Marine  
  30  3:24  SCV  
  31  3:32  Marine  
  32  3:36  SCV  
  32  3:37  SCV, Marine  
  35  3:47  Barracks  
  35  3:48  SCV  
  35  3:49  SCV, Marine  
  38  3:55  Barracks Tech Lab  
  38  4:01  SCV x2  
  40  4:03  Supply Depot  
  40  4:09  Barracks Tech Lab  
  40  4:13  SCV x2, Marine  
  43  4:17  Stimpack  
  43  4:18  Siege Tank  
  46  4:25  SCV x2  
  46  4:26  Combat Shield  
  46  4:27  Marine  
  49  4:31  Marine  
  49  4:34  Marine  
  49  4:35  Supply Depot  
  49  4:37  SCV x2  
  53  4:44  Marine  
  54  4:49  Marauder, SCV  
  54  4:50  SCV  
  54  4:51  Engineering Bay  
  58  5:01  SCV  
  58  5:03  Marauder  
  58  5:05  SCV  
  62  5:07  Supply Depot  
  62  5:11  Marauder  
  62  5:13  SCV  
  62  5:14  Refinery  
  65  5:17  SCV  
  65  5:18  Terran Infantry Armor Level 1  
  65  5:21  Refinery  
  66  5:24  Marauder  
  66  5:25  SCV  
  66  5:26  Barracks Reactor, Engineering Bay  
  69  5:29  SCV  
  69  5:31  Supply Depot  
  69  5:32  Marauder  
  72  5:37  SCV  
  72  5:41  SCV  
  74  5:46  Marauder  
  74  5:47  Starport  
  74  5:48  Missile Turret  
  74  5:49  SCV  
  77  5:52  Terran Infantry Weapons Level 1  
  77  5:53  SCV, Supply Depot, Marine  
  79  6:00  Command Center  
  79  6:02  SCV  
  80  6:06  Marine  
  80  6:08  SCV  
  82  6:11  Marauder  
  82  6:14  SCV  
  85  6:20  Missile Turret  
  85  6:22  Supply Depot  
  85  6:24  Medivac  
  85  6:25  Marauder, Concussive Shells  
  89  6:26  Barracks  
  89  6:32  Marine  
  90  6:33  Marauder  
  92  6:43  Marine  
  92  6:46  Marauder, Supply Depot  
  95  6:49  Marine  
  96  6:54  Marauder, Starport Reactor  
  96  7:01  Marine  
  99  7:05  Missile Turret  
  99  7:07  Marine  
  99  7:08  Marauder  
  102  7:10  Supply Depot  
  102  7:12  SCV x2  
  102  7:13  SCV  
  102  7:15  Marine  
  106  7:19  Fusion Core  
  106  7:24  SCV  
  106  7:26  SCV  
  109  7:30  Medivac  
  109  7:31  Viking  
  109  7:34  Command Center  
  109  7:36  SCV  
  100  7:45  SCV, Supply Depot  
  100  7:47  Marine  
  100  7:48  SCV  
  100  7:49  Marine  
  104  7:52  Marine  
  104  7:54  Marine  
  104  7:55  Marine  
  104  7:57  SCV  
  108  8:00  SCV  
  109  8:06  Marauder  
  109  8:09  SCV  
  109  8:10  Armory  
  112  8:16  SCV, Supply Depot  
  113  8:21  SCV  
  114  8:28  SCV  
  114  8:29  Medivac  
  114  8:32  Medivac  
  114  8:34  Marine  
  119  8:37  Missile Turret, Marine x2  
  119  8:38  Marine x2  
  124  8:46  Missile Turret, Orbital Command  
  124  8:52  Marine  
  124  8:55  Marine  
  126  8:56  Marine  
  126  8:57  Terran Infantry Weapons Level 2, Command Center  
  126  8:59  Viking  
  126  9:00  Supply Depot, Marine  
  126  9:02  Marine  
  128  9:09  Marine  
  118  9:13  Marauder, Marine  
  122  9:18  Marine  
  122  9:20  Marine  
  124  9:26  Missile Turret  
  124  9:27  Marine  
  125  9:32  Marine  
  125  9:34  Marine  
  125  9:36  Marine  
  118  9:38  Marine  
  104  9:46  Marauder  
  104  9:49  Marine  
  104  9:52  Marauder  
  104  9:54  Marine  
  104  9:56  Marine  
  99  10:02  Viking  
  99  10:06  Missile Turret, Marine  
  102  10:07  Marine  
  102  10:13  Marine  
  104  10:20  Terran Infantry Armor Level 2  
  104  10:23  Command Center  
  104  10:25  Marauder  
  106  10:31  Marauder  
  108  10:40  Planetary Fortress  
  108  10:41  Marine  
  108  10:42  Marine  
  109  10:43  Marine  
  109  10:46  Marauder  
  113  10:52  Marine  
  114  10:59  Factory  
  114  11:07  Marauder  
  114  11:08  Refinery  
  114  11:11  Starport, Marauder  
  118  11:13  Terran Infantry Weapons Level 3  
  118  11:15  Refinery  
  118  11:18  Marine  
  118  11:19  Marine  
  118  11:21  Marine  
  121  11:29  Marauder  
  121  11:31  Marine  
  124  11:33  Armory  
  124  11:36  Ghost Academy, Marine  
  124  11:37  SCV x3  
  124  11:38  SCV  
  129  11:46  Planetary Fortress, Refinery  
  129  11:50  Marauder, Siege Tank  
  129  11:52  Command Center, Starport Tech Lab, Missile Turret  
  129  11:53  Liberator  
  134  11:55  Marauder  
  134  11:57  Missile Turret  
  134  11:58  Refinery, Factory Tech Lab  
  136  12:10  Viking, Raven  
  136  12:11  Marauder  
  136  12:13  Missile Turret  
  136  12:15  Missile Turret  
  145  12:16  Ghost  
  145  12:17  Missile Turret, Siege Tank  
  145  12:22  Widow Mine  
  152  12:23  Liberator  
  152  12:38  Marauder, Missile Turret  
  152  12:40  Rapid Reignition System  
  152  12:42  Marine  
  152  12:43  Siege Tank  
  152  12:44  Barracks  
  161  12:45  Marauder  
  161  12:46  Supply Depot  
  161  12:48  Marine  
  161  12:49  Widow Mine, Marine  
  167  12:53  Viking, Raven  
  171  12:58  Ghost  
  173  13:06  Marauder  
  173  13:10  Planetary Fortress, Refinery  
  173  13:11  Widow Mine  
  177  13:14  Missile Turret  
  177  13:15  Cyclone  
  177  13:17  Missile Turret  
  180  13:20  Missile Turret  
  180  13:22  Refinery  
  180  13:23  Medivac  
  180  13:25  Command Center  
  185  13:28  Marauder  
  185  13:31  Marauder  
  185  13:32  Widow Mine  
  188  13:40  Marine x3  
  188  13:41  Marine  
  173  13:59  Barracks Tech Lab  
Tags
 
Add a new tag
Caveats
  • Supply blocks, unpowered buildings, or Contaminate may cause inaccurate times.
  • Supply counts are checked every 10 seconds.